 Dungeon Crawl Stone Soup version 0.26-a0-540-g8a0c9464d7 (webtiles) character file.

Game seed: 17764818365347194052

2293 kae the Grappler (level 9, -6/74 HPs)
             Began as a Grey Draconian Transmuter on Aug 20, 2020.
             Was an Initiate of Wu Jian.
             Killed by divine providence
             ... invoked by an orc priest
              (14 damage)
             ... on level 8 of the Dungeon.
             The game lasted 00:10:10 (9993 turns).

kae the Grappler (Grey Draconian Transmuter)        Turns: 9993, Time: 00:10:11

Health: -6/74      AC:  2    Str: 16    XL:     9   Next: 17%
Magic:  14/16      EV: 19    Int: 13    God:    Wu Jian [......]
Gold:   273        SH:  0    Dex: 17    Spells: 12/18 levels left

rFire    . . .     SeeInvis .     - Unarmed
rCold    . . .     Faith    .   (shield currently unavailable)
rNeg     . . .     Spirit   .   (armour unavailable)
rPois    x         Reflect  +   (helmet currently unavailable)
rElec    .         Harm     .   (cloak currently unavailable)
rCorr    .                      (gloves currently unavailable)
MR       .....                  (boots currently unavailable)
Stlth    +.........             f - amulet of reflection
HPRegen  0.22/turn              (no ring)
MPRegen  0.15/turn              (no ring)

@: confused, spider-form (expiring)
A: tiny, (walk through water), unfitting armour, AC +12
a: End Transformation, Renounce Religion


You were on level 8 of the Dungeon.
You worshipped Wu Jian.
Wu Jian was noncommittal.
You were a venomous arachnid creature.
You visited 2 branches of the dungeon, and saw 9 of its levels.
You also visited: Ossuary.

You collected 273 gold pieces.

Inventory:

Armour
 k - a +3 buckler of reflection (melded)
 u - a +0 pair of boots (melded)
Jewellery
 f - an amulet of reflection (around neck)
 s - an uncursed ring of flight
Wands
 j - a wand of paralysis (4)
 v - a wand of iceblast (17)
 w - a wand of flame (19)
Scrolls
 d - 4 scrolls of remove curse
 e - a scroll of amnesia
 m - a scroll of enchant armour
 p - 3 scrolls of blinking
 q - 4 scrolls of teleportation
 r - 2 scrolls of identify
 x - 2 scrolls of magic mapping
Potions
 a - 2 potions of flight
 b - 2 potions of resistance
 c - 3 potions of ambrosia
 g - 2 potions of magic
 h - a potion of might
 i - a potion of mutation
 l - a potion of lignification
 n - 4 potions of curing
 o - 2 potions of haste
 t - a potion of berserk rage


   Skills:
 + Level 5.5 Fighting
 - Level 1.7 Dodging
 - Level 4.0 Shields
 * Level 8.0 Unarmed Combat
 + Level 5.0 Spellcasting
 + Level 5.5 Transmutations


You had 12 spell levels left.
You knew the following spells:

 Your Spells              Type           Power        Failure   Level
a - Beastly Appendage     Tmut           ###...       8%          1
b - Wereblood             Tmut           ###.....     11%         2
c - Spider Form           Tmut/Pois      ##........   38%         3

Your spell library contained the following spells:

 Spells                   Type           Power        Failure   Level
 Magic Dart               Conj           #...         38%         1
 Blade Hands              Tmut           ###.......   69%         5
 Confusing Touch          Hex            #.......     71%         3
 Gell's Gravitas          Tloc           #.........   71%         3
 Ice Form                 Ice/Tmut       ##......     73%         4
 Petrify                  Tmut/Erth      ##......     73%         4
 Yara's Violent Unravell  Hex/Tmut       ##........   95%         5
 Metabolic Englaciation   Hex/Ice        #.........   100%        5


Dungeon Overview and Level Annotations

Branches:
Dungeon (8/15)             Temple (1/1) D:7         Ossuary (visited)
   Lair: D:8-11

Altars:
Ashenzari
Cheibriados
Dithmenos
Elyvilon
Fedhas
Gozag
Hepliaklqana
Kikubaaqudgha
Makhleb
Nemelex Xobeh
Okawaru
Qazlal
Ru
Sif Muna
Trog
Vehumet
Wu Jian
Xom
Yredelemnul
Zin
The Shining One

Annotations:
D:2 Grinder
D:3 Sigmund


Innate Abilities, Weirdness & Mutations

((You can walk through water.))
((Your dull iron-grey scales are very hard. (AC +12)))
You cannot fit into any form of body armour.
((You can survive without breathing.))
((You are cold-blooded and may be slowed by cold attacks.))


Message History

You kill the orc!
The Council accepts your kill.
You see here a scorpion corpse.
You hear some strange, mumbled words.
You are confused.
You see here a +0 dagger of venom.
You miss something.
Your transformation is almost over.
You hear some strange, mumbled words.
A puff of flame appears from out of thin air!
The puff of flame hits you.
* * * LOW HITPOINT WARNING * * *
An orc priest comes into view. It is wielding a +0 flail.
The orc priest shouts!
You hear some strange, mumbled words.
A magic dart appears from out of thin air!
The magic dart hits you!
* * * LOW HITPOINT WARNING * * *
The orc priest calls down the wrath of Beogh upon you.
Beogh smites you!
You die...

#..........##..#......
#.)............#o.....
#..........###.#......
#########.# #.....
#.## #... ##..##+#.#
#..).....# #..).....#
#.......s#####
#<......){...#
#........###$#
#........# #
#........# #........#
#......... #.....>.##
#.......#


You could see an orc priest.

Vanquished Creatures
  An ogre (D:7)
  A centaur (D:8)
  An elf zombie (Ossuary)
  A big kobold (D:8)
  3 bullfrogs (D:6)
  3 scorpions
  6 killer bees (D:6)
  7 wights
  3 howler monkeys
  3 centaur zombies
  2 jellies
  A bullfrog skeleton (D:6)
  A bullfrog zombie (D:5)
  2 orc priests (D:7)
  A centaur skeleton (D:8)
  4 hounds
  2 orc wizards
  Jessica (D:2)
  3 worker ants
  4 big kobold zombies (Ossuary)
  A hound skeleton (D:4)
  A mummy (Ossuary)
  Robin (D:3)
  8 gnolls
  8 adders
  2 white imps
  An ooze (D:3)
  4 adder zombies
  2 worms (D:2)
  3 dart slugs
  A leopard gecko (D:3)
  19 orcs
  3 ball pythons
  3 giant cockroaches
  11 goblins
  15 hobgoblins
  2 jackals (D:1)
  A quokka (D:6)
  11 bats
  3 frilled lizards
  A goblin zombie (Ossuary)
  8 hobgoblin zombies (Ossuary)
  A jackal skeleton (D:4)
  6 kobolds
  10 kobold zombies (Ossuary)
  8 orc zombies (Ossuary)
  A quokka skeleton (D:4)
  2 rats
187 creatures vanquished.

Notes
Turn   | Place    | Note
-------+----------+-------------------------------------------
     0 | D:1      | kae the Draconian Transmuter began the quest for the Orb.
     0 | D:1      | Reached XP level 1. HP: 16/16 MP: 3/3
   239 | D:1      | Reached XP level 2. HP: 23/23 MP: 3/5
   379 | D:1      | Learned a level 2 spell: Wereblood
  1112 | D:2      | Reached XP level 3. HP: 23/29 MP: 4/6
  1289 | D:2      | Noticed Jessica
  1297 | D:2      | Killed Jessica
  1746 | D:2      | Reached XP level 4. HP: 11/36 MP: 7/7
  2005 | D:2      | Found a blossoming altar of Fedhas.
  2040 | D:2      | Reached skill level 4 in Unarmed Combat
  2169 | D:2      | Found an iron altar of Okawaru.
  2873 | D:3      | Noticed a sky beast
  3630 | D:2      | HP: 1/37 [something (5)]
  3983 | D:3      | Found a blossoming altar of Fedhas.
  4033 | D:3      | Reached XP level 5. HP: 35/42 MP: 9/9
  4038 | D:3      | Learned a level 3 spell: Spider Form
  4127 | D:3      | Noticed Grinder
  4128 | D:3      | Noticed Robin
  4176 | D:3      | Paralysed by Grinder for 5 turns
  4309 | D:3      | Killed Robin
  4631 | D:3      | Noticed Sigmund
  5029 | D:3      | HP: 2/42 [orc/+0 short sword (5)]
  5377 | D:3      | Found a snail-covered altar of Cheibriados.
  5744 | D:4      | Found a sand-covered staircase.
  5795 | Ossuary  | Entered an ossuary
  5837 | Ossuary  | Reached skill level 1 in Shields
  5989 | Ossuary  | Reached XP level 6. HP: 36/50 MP: 10/10
  6168 | Ossuary  | Reached skill level 5 in Unarmed Combat
  6217 | Ossuary  | HP: 2/51 [elf zombie (2)]
  6934 | D:4      | Your scales start taking on a dull iron-grey colour.
  6934 | D:4      | Reached XP level 7. HP: 57/57 MP: 9/12
  6934 | D:4      | Gained mutation: You can survive without breathing. [Grey
                  | Draconian growth]
  7177 | D:5      | Entered Level 5 of the Dungeon
  7410 | D:5      | Found a glowing golden altar of the Shining One.
  7868 | D:6      | Found a radiant altar of Vehumet.
  7878 | D:6      | Reached skill level 6 in Unarmed Combat
  7919 | D:6      | Reached XP level 8. HP: 34/66 MP: 10/14
  8282 | D:6      | Identified Vehumet's Compendium of Confrontation
  8285 | D:6      | Found an ancient bone altar of Kikubaaqudgha.
  8286 | D:6      | Found a shimmering blue altar of Sif Muna.
  8617 | D:6      | Reached skill level 7 in Unarmed Combat
  9022 | D:7      | Reached skill level 5 in Transmutations
  9038 | D:7      | Reached skill level 5 in Fighting
  9246 | D:7      | Found an opulent altar of Gozag.
  9345 | D:7      | Reached XP level 9. HP: 69/74 MP: 10/16
  9589 | D:7      | Found a staircase to the Ecumenical Temple.
  9598 | Temple   | Entered the Ecumenical Temple
  9710 | Temple   | Became a worshipper of the Wu Jian Council
  9756 | D:8      | Found an ornate altar of the Wu Jian Council.
  9988 | D:8      | Reached skill level 8 in Unarmed Combat
  9988 | D:8      | Reached skill level 5 in Spellcasting
  9993 | D:8      | Killed from afar by an orc priest

Illustrated notes

Levels and vault maps discovered:
D:1:      dpeg_arrival_court, layout_loops_ring
D:2:      layout_basic, nicolae_overflow_crystal_walls, okawaru_trees_1,
          uniq_jessica
D:3:      layout_basic, kennysheep_slug_shrine, kennysheep_path_1,
          fedhas_altar_2, uniq_grinder, uniq_robin, uniq_sigmund
D:4:      layout_basic, nicolae_ossuary_entry_ruins, minmay_misc_feat_room
D:5:      layout_cave_pools, tso_oasis_becter
D:6:      layout_loops_cross, grunt_temple_overflow_magic_moments
D:7:      layout_cave_pools, kennysheep_mini, minmay_temple_entry_poolview
D:8:      layout_basic, serial_shops, kennysheep_little_box, basic_altar,
          minmay_misc_feat_ornament
Temple:   dshaligram_water_room_temple

Skill      XL: |  1  2  3  4  5  6  7  8  9 |
---------------+----------------------------+-----
Fighting       | 2 3 4 5 |  5.5
Unarmed Combat | 4 5 6 7 8 |  8.0
Transmutations | 3 4 5 |  5.5
Spellcasting   | 3 4 5 |  5.0
Shields        | 1 2 4 |  4.0
Dodging        | |  1.7

Action                   |  1- 3 |  4- 6 |  7- 9 || total
-------------------------+-------+-------+-------++-------
Melee: Unarmed           |    96 |   159 |   238 ||   493
       Kick              |    16 |    60 |    53 ||   129
       Tailslap          |    12 |    46 |    25 ||    83
       Headbutt          |     4 |    31 |    25 ||    60
       Whip              |    18 |   235 |       ||   253
 Cast: Beastly Appendage |    16 |    39 |    31 ||    86
       Wereblood         |       |     7 |     3 ||    10
       Spider Form       |       |       |     3 ||     3
Invok: Lunge             |       |       |     3 ||     3
  Use: Scroll            |     4 |    10 |     1 ||    15
       Potion            |       |     6 |     3 ||     9
 Stab: Sleeping          |       |     1 |       ||     1
       Invisible         |       |       |     4 ||     4
Armor: Skin              |    34 |   123 |    89 ||   246
Dodge: Dodged            |    82 |   235 |   102 ||   419
Block: Buckler           |       |   108 |   132 ||   240
       Reflection        |       |     2 |     6 ||     8
       Other             |       |       |     1 ||     1

Table legend: (Time is in decaauts)
 A = Elapsed time spent in this place.
 B = Non-inter-level travel time spent in this place.
 C = Inter-level travel time spent in this place.
 D = Time resting spent in this place.
 E = Time spent auto-exploring this place.
 F = Levels seen in this place.
 G = Mean time per level.
                   A        B        C        D        E       F      G
               +--------+--------+--------+--------+--------+-----+--------+
         Total |   9984 |   9597 |    387 |   2639 |   4849 |  10 |  998.4 |
       Dungeon |   8939 |   8589 |    350 |   2274 |   4680 |   8 | 1117.4 |
        Temple |    132 |     95 |     37 |      0 |     68 |   1 |  132.0 |
       Ossuary |    911 |    911 |      0 |    365 |    101 |   1 |  911.0 |
               +--------+--------+--------+--------+--------+-----+--------+

Top non-repeatable levels by time:
     D:3: 2125 daAuts
     D:2: 2079 daAuts
     D:1: 1379 daAuts
     D:6: 1325 daAuts
 Ossuary: 911 daAuts
     D:4: 693 daAuts
     D:7: 682 daAuts
     D:5: 417 daAuts
     D:8: 236 daAuts
  Temple: 132 daAuts
